 Dungeon Crawl Stone Soup version 0.30-a0-622-gddc90eaa04 (webtiles) character file.

Game seed: 6560132773352164290

30 Dirtsage the Insei (level 3, -8/23 HPs)
             Began as an Octopode Transmuter on Jan 10, 2023.
             Mangled by an iguana (15 damage)
             ... on level 3 of the Dungeon.
             The game lasted 00:02:09 (767 turns).

Dirtsage the Insei (Octopode Transmuter)             Turns: 767, Time: 00:02:10

Health: -8/23      AC:  1    Str:  9    XL:     3   Next: 20%
Magic:  6/6        EV: 13    Int: 17    God:
Gold:   47         SH:  0    Dex: 12    Spells: 5/6 levels left

rFire   . . .      SeeInvis .      - Unarmed
rCold   . . .      Faith    .    (no shield)
rNeg    . . .      Spirit   .    (helmet currently unavailable)
rPois   .          Reflect  .    (no amulet)
rElec   .          Harm     .    b - ring of willpower
rCorr   .          Rampage  .    (no ring)
Will    +....                    (no ring)
Stlth   ++                       (no ring)
HPRegen 0.23/turn                (no ring)
MPRegen 0.10/turn                (no ring)
                                 (no ring)
                                 (no ring)

@: appendages
A: tentacle spike 3, almost no armour, amphibious, 8 rings, camouflage 1,
gelatinous body 1, (nimble swimmer 1), tentacles
a: End Transformation


You were on level 3 of the Dungeon.
One of your tentacles had grown a beastly spike.
You visited 1 branch of the dungeon, and saw 3 of its levels.

You collected 47 gold pieces.

Inventory:

Jewellery
 b - a ring of willpower (left tentacle)
Scrolls
 c - 3 scrolls of identify {unknown}
 d - 2 scrolls of torment {unknown}
 e - a scroll of magic mapping {unknown}
 f - a scroll of teleportation {unknown}
Potions
 a - a potion of lignification
 g - a potion of curing {unknown}
 h - a potion of flight {unknown}
 i - a potion of attraction {unknown}


   Skills:
 - Level 1.0 Fighting
 - Level 2.0 Dodging
 - Level 3.0 Unarmed Combat
 - Level 2.0 Spellcasting
 * Level 2.9 Transmutations
 * Level 1.8 Ice Magic


You had 5 spell levels left.
You knew the following spells:

 Your Spells              Type           Power      Damage    Failure   Level
a - Beastly Appendage     Tmut           22%        N/A       6%          1

Your spell library contained the following spells:

 Spells                   Type           Power      Damage    Failure   Level
 Wereblood                Tmut           11%        N/A       9%          2
 Spider Form              Tmut/Pois      6%         N/A       32%         3
 Ice Form                 Ice/Tmut       9%         N/A       58%         4


Dungeon Overview and Level Annotations

Branches:
Dungeon (3/15)

Altars:

Shops:
D:1 ?

Annotations:
D:2 Terence


Innate Abilities, Weirdness & Mutations

One of your tentacles has grown a beastly spike.
You cannot wear most types of armour.
You are amphibious.
You can wear up to eight rings at the same time.
Your skin changes colour to match your surroundings (Stealth+).
Your rubbery body absorbs attacks. (AC +1, EV +1)
((You are camouflaged when in or above water. (Stealth+)))
You have tentacles for arms and can constrict up to eight enemies at once.


Message History

Found a stone staircase leading down.
There is a stone staircase leading down here.
Done exploring.
Done exploring.
There is a stone staircase leading down here.
You climb downwards.
Found 5 gold pieces.
Found a stone staircase leading down.
There is a stone staircase leading up here.
An iguana comes into view.
Terence, a kobold and a frilled lizard come into view.
The goblin shouts!
The frilled lizard hisses angrily.
The kobold shouts!
Casting: Beastly Appendage (safe; 6% risk of failure)
Confirm with . or Enter, or press ? or * to list all spells.
One of your tentacles grows a vicious spike.
Terence shouts!
You now have 5/6 mp.
The frilled lizard barely misses you.
You miss the frilled lizard. Your grab misses the frilled lizard.
You tentacle-slap the frilled lizard but do no damage.
Your grab misses the frilled lizard.
Your tentacle spike misses the frilled lizard.
You squeeze the frilled lizard.
You kill the frilled lizard!
You tentacle-slap the iguana but do no damage.
Your grab misses the iguana.
You pierce the iguana, but do no damage.
The iguana bites you! Terence closely misses you.
You take 10 damage, and have 13/23 hp.
MASSIVE DAMAGE!!
The iguana attacks as you move away! The iguana bites you.
There is a stone staircase leading down here.
The iguana barely misses you.
Terence hits you from afar with a +0 trident.
You climb downwards.
There is a stone staircase leading up here.
You take 6 damage, and have 7/23 hp.
MASSIVE DAMAGE!!
You closely miss the iguana. Your grab misses the iguana.
You pierce the iguana, but do no damage.
Your squeeze misses the iguana. The iguana bites you!
Ouch! That really hurt!
You die...

#..[...........
............S..
...[...........
...............
...............
..^............
....S..........
#......@.......
#....$.l.......
...............
...............
...######......
.. ...... .
...... ......


You could see an iguana and 2 adders.

Vanquished Creatures
  4 endoplasms (D:1)
  3 giant cockroaches (D:1)
  A goblin (D:1)
  A hobgoblin (D:1)
  4 jackals (D:1)
  2 quokkas (D:1)
  4 ball pythons (D:1)
  2 frilled lizards
  2 kobolds (D:1)
  3 rats (D:1)
26 creatures vanquished.

Notes
Turn   | Place    | Note
-------+----------+-------------------------------------------
     0 | D:1      | Dirtsage the Octopode Transmuter began the quest for the
                  | Orb.
     0 | D:1      | Reached XP level 1. HP: 13/13 MP: 3/3
    42 | D:1      | Found Coizxi Sotto's Magic Scroll Boutique.
   196 | D:1      | Reached skill level 1 in Ice Magic
   196 | D:1      | Reached XP level 2. HP: 18/18 MP: 5/5
   535 | D:1      | Reached XP level 3. HP: 22/23 MP: 4/6
   757 | D:2      | Noticed Terence
   767 | D:3      | Mangled by an iguana

Illustrated notes

Levels and vault maps discovered:
D:1:      dpeg_arrival_tiny_k, layout_loops_ring, serial_shops, shop_statue
D:2:      layout_basic, uniq_terence, uniq_natasha
D:3:      layout_basic, uniq_sigmund

Skill      XL: |  1 |
---------------+----+-----
Ice Magic      | 1 |  1.8
Fighting       | |  1.0
Dodging        | |  2.0
Unarmed Combat | |  3.0
Spellcasting   | |  2.0
Transmutations | |  2.9

Action                   || total
-------------------------++-------
Melee: Unarmed           ||    59
       Constrict         ||    13
       Tentacles         ||     9
       Kick              ||    14
 Cast: Beastly Appendage ||     6
 Stab: Sleeping          ||     5
Armor: Skin              ||     2
Dodge: Dodged            ||    34

Table legend: (Time is in decaauts)
 A = Elapsed time spent in this place.
 B = Non-inter-level travel time spent in this place.
 C = Inter-level travel time spent in this place.
 D = Time resting spent in this place.
 E = Time spent auto-exploring this place.
 F = Levels seen in this place.
 G = Mean time per level.
                   A        B        C        D        E       F      G
               +--------+--------+--------+--------+--------+-----+--------+
         Total |    762 |    759 |      3 |      0 |    581 |   3 |  254.0 |
       Dungeon |    762 |    759 |      3 |      0 |    581 |   3 |  254.0 |
               +--------+--------+--------+--------+--------+-----+--------+

Top non-repeatable levels by time:
     D:1: 750 daAuts
     D:2: 10 daAuts
     D:3: 0 daAuts
